 Dungeon Crawl Stone Soup version 0.31-a0-175-g9f7f995f2b (webtiles) character file.

Game seed: 10504019204432912451

30 qw the Shield-Bearer (level 3, -5/23 HPs)
             Began as a Gargoyle Fighter on June 16, 2023.
             Slain by an iguana (10 damage)
             ... on level 2 of the Dungeon.
             The game lasted 00:00:17 (736 turns).

qw the Shield-Bearer (Gargoyle Fighter)              Turns: 736, Time: 00:00:18

Health: -5/23      AC: 11    Str: 21    XL:     3   Next: 20%
Magic:  3/3        EV:  9    Int:  8    God:
Gold:   66         SH:  4    Dex:  9    Spells: 2/2 levels left

rFire   . . .        Y - +0 war axe
rCold   + . .        c - +0 buckler
rNeg    + . .        b - +0 scale mail
rPois   inf          (no helmet)
rElec   +            j - +0 cloak
rCorr   .            (no gloves)
SInv    .            (no boots)
Will    .....        (no amulet) Stlth
                     g - ring of protection from cold
HPRegen 0.23/turn    (no ring)
MPRegen 0.08/turn

%: no passive effects
@: no status effects
A: sickness immunity, AC +3, negative energy resistance 1, electricity
resistance, torment resistance 1, petrification resistance
a: no special abilities


You were on level 2 of the Dungeon.
You visited 1 branch of the dungeon, and saw 2 of its levels.

You collected 66 gold pieces.


Innate Abilities, Weirdness & Mutations

You are immune to sickness and miasma.
Your stone body is resilient. (AC +3)
You are immune to poison.
You resist negative energy. (rN+)
You are resistant to electric shocks. (rElec)
You are resistant to unholy torment.
You are immune to petrification.


   Skills:
 - Level 3.2 Fighting
 + Level 3.2 Axes
 - Level 3.2 Armour
 - Level 3.2 Shields


You had 2 spell levels left.
You didn't know any spells.
Your spell library was empty.

Inventory:

Hand Weapons
 i - a +0 whip
 Y - a +0 war axe (weapon)
Missiles
 k - 3 boomerangs (quivered)
Armour
 b - a +0 scale mail (worn)
 c - a +0 buckler (worn)
 j - a +0 cloak (worn)
Jewellery
 g - a ring of protection from cold (left hand)
Scrolls
 a - 2 scrolls of identify
Potions
 d - a potion of might

Dungeon Overview and Level Annotations

Branches:
Dungeon (2/15)

Altars:

Annotations:
D:1 2 transporters


Message History

The kobold shouts!
You hit the goblin.
You kill the goblin!
You hear a shout!
A goblin comes into view. It is wielding a +0 club.
A rat comes into view.
The kobold throws a stone.
The stone hits you but does no damage.
Found a stone staircase leading up.
You see here a +0 dagger.
Enter note:
Enter note:
Enter note: The iguana barely misses you.
Enter note:
Enter note:
Enter note: You slash the iguana!
The iguana is heavily wounded.
The iguana bites you!
The kobold throws a stone.
The stone hits you.
You closely miss the iguana.
The iguana is heavily wounded.
You block the iguana's attack.
You hit the iguana.
The iguana is severely wounded.
You closely miss the kobold. You barely miss the goblin.
The iguana barely misses you. The kobold hits you but does no damage.
The goblin hits you but does no damage. The iguana closely misses you.
The kobold hits you with a +0 dagger. The goblin barely misses you.
You closely miss the iguana.
The iguana is severely wounded.
You hit the goblin.
You kill the goblin!
You barely miss the kobold. The iguana bites you.
The kobold hits you but does no damage.
You hit the iguana but do no damage.
The iguana is severely wounded.
You closely miss the kobold. You slash the rat!
You kill the rat!
The iguana bites you!
You die...

#.# #.......##..
#.###########.##..
###.#...... #.##..
#.......... .##..
#.......... ..
#..........
#......>...
##.)........
#...@)......
#...Kl......
#.....>.....
#...........
#...........
#...........
##........<.
##.....##..


You could see an iguana and a kobold.

Vanquished Creatures
  An adder (D:2)
  2 dart slugs
  3 endoplasms
  2 giant cockroaches (D:1)
  A quokka (D:1)
  A bat (D:1)
  2 goblins (D:2)
  3 kobolds (D:1)
  3 rats
18 creatures vanquished.

Notes
Turn   | Place    | Note
-------+----------+-------------------------------------------
     0 | D:1      | qw the Gargoyle Fighter began the quest for the Orb.
     0 | D:1      | Reached XP level 1. HP: 14/14 MP: 1/1
     0 | D:1      | 0 ||| qw: Version: 0.2-a-29-g511e9b1
     0 | D:1      | 0 ||| qw: Game counter: 5683
     0 | D:1      | 0 ||| qw: Always use a shield: true
     0 | D:1      | 0 ||| qw: God list: Okawaru
     0 | D:1      | 0 ||| qw: Allow faded altars: false
     0 | D:1      | 0 ||| qw: Do Orc after D:15 true
     0 | D:1      | 0 ||| qw: Do second Lair branch before Depths: true
     0 | D:1      | 0 ||| qw: Lair rune preference: random
     0 | D:1      | 0 ||| qw: Plans: Normal, Zot:1-4, Slime:5, God:TSO, Crypt,
                  | Tomb, Abyss, Pan, Hells, Win
     0 | D:1      | 0 ||| PLANNING D:1-11
   326 | D:1      | Reached XP level 2. HP: 19/19 MP: 2/2
   408 | D:1      | 408 ||| Stepping ~*~*~tactically~*~*~ (hiding).
   618 | D:1      | 618 ||| UPGRADING to +0 cloak.
   623 | D:1      | 623 ||| UPGRADING to ring of protection from cold.
   624 | D:1      | 624 ||| READING 4 scrolls labelled OTREMMI WIHAO.
   625 | D:1      | 625 ||| READING scroll labelled JIGIRY ROENAA.
   626 | D:1      | 626 ||| READING 3 scrolls of identify.
   626 | D:1      | 626 ||| IDENTIFYING bubbling cyan potion
   627 | D:1      | 627 ||| DROPPING potion of berserk rage.
   669 | D:2      | Reached skill level 3 in Axes
   669 | D:2      | Reached XP level 3. HP: 23/23 MP: 3/3
   691 | D:2      | Found a faded altar of an unknown god.
   735 | D:2      | HP: 5/23 [iguana (6)]
   736 | D:2      | Slain by an iguana

Levels and vault maps discovered:
D:1:      spicycebolla_arrival_transporter_tutorial, layout_loops_ring
D:2:      layout_rooms, ebering_ecumenical_altar_hall

Skill      XL: |  1  2 |
---------------+-------+-----
Axes           | 2 3 |  3.2
Fighting       | |  3.2
Armour         | |  3.2
Shields        | |  3.2

Action                     || total
---------------------------++-------
  Melee: War axe           ||    38
  Throw: Boomerang         ||     8
    Use: Scroll            ||     3
 Armour: Scale mail        ||    18
  Dodge: Dodged            ||    15
  Block: Buckler           ||     3

Table legend:
 A = Non-vault XP
 B = Vault XP
 C = Vault XP percentage of total XP
 D = Non-vault monster count
 E = Vault monster count
 F = Vault count percentage of total count
                 A         B        C        D         E       F
            +---------+---------+-------+---------+---------+-------
      Total |      45 |       0 |   0.0 |      18 |       0 |   0.0
            +---------+---------+-------+---------+---------+-------
        D:1 |      21 |       0 |   0.0 |      12 |       0 |   0.0
        D:2 |      24 |       0 |   0.0 |       6 |       0 |   0.0
            +---------+---------+-------+---------+---------+-------
